 Dungeon Crawl Stone Soup version 0.27-a0-223-ge082b6e869 (webtiles) character file.

Game seed: 1893696969177768782

207 inqbanana the Skirmisher (level 5, 0/50 HPs)
             Began as a Naga Fighter on Feb 1, 2021.
             Succumbed to Sigmund's poison
             ... on level 2 of the Dungeon.
             The game lasted 00:01:46 (1136 turns).

inqbanana the Skirmisher (Naga Fighter)             Turns: 1136, Time: 00:01:46

Health: 0/50       AC:  8    Str: 16 (18) XL:     5   Next: 85%
Magic:  5/5        EV:  5    Int:  8      God:
Gold:   53         SH:  8    Dex: 12      Spells: 4/4 levels left

rFire    + . .     SeeInvis +   a - +0 long sword
rCold    + . .     Faith    .   c - +0 kite shield
rNeg     . . .     Spirit   .   b - +0 scale mail
rPois    +         Reflect  .   (no helmet)
rElec    +         Harm     .   j - +2 cloak
rCorr    +         Rampage  .   (no gloves)
Will     .....                  (no barding)
Stlth    +.........             (no amulet)
HPRegen  0.16/turn              (no ring)
MPRegen  0.09/turn              (no ring)

@: mighty, lethally poisoned (0 -> -16), resistant, attractive, very slow
A: large, see invisible, deformed body, poison resistance, slowness 2, spit
poison 1, AC +1
a: Spit Poison


You were on level 2 of the Dungeon.
You visited 1 branch of the dungeon, and saw 2 of its levels.

You collected 53 gold pieces.

Inventory:

Hand Weapons
 a - a +0 long sword (weapon)
Armour
 b - a +0 scale mail (worn)
 c - a +0 kite shield (worn)
 j - a +2 cloak (worn)
Scrolls
 e - a scroll of teleportation {unknown}
 f - 2 scrolls of enchant armour {unknown}
 g - a scroll of identify {unknown}
 k - 2 scrolls of enchant weapon {unknown}
Potions
 d - 2 potions of might


   Skills:
 + Level 3.6 Fighting
 * Level 3.6 Long Blades
 + Level 2.9 Armour
 + Level 1.3 Dodging
 + Level 2.7 Stealth
 + Level 2.9 Shields


You had 4 spell levels left.
You didn't know any spells.
Your spell library was empty.

Dungeon Overview and Level Annotations

Branches:
Dungeon (2/15)

Altars:


Innate Abilities, Weirdness & Mutations

You cannot wear boots.
Your serpentine skin is tough. (AC +1)
You have supernaturally acute eyesight. (SInv)
Armour fits poorly on your strangely shaped body.
Your system is resistant to poisons. (rPois)
You cover ground very slowly.
You can spit poison.


Message History

* * * LOW HITPOINT WARNING * * *
You slash Sigmund!
You kill Sigmund!
* * * LOW HITPOINT WARNING * * *
You feel very sick.
You feel your intelligence returning.
You feel your dexterity returning.
Your Long Blades skill increases to level 3!
Your Dodging skill increases to level 1!
Your Stealth skill increases to level 2!
You have reached level 4!
You feel agile.
You have reached level 5!
Unknown command.
* * * LOW HITPOINT WARNING * * *
You feel sick.
Things that are here:
a +6 scythe of venom; a +0 robe; the human corpse of Sigmund
There is a lethal amount of poison in your body!
Okay, then.
You die...

#.....#.#.....# (.@.
#.##.##.#.###.### ...
#.##....#........ ..
#.#<..........### #.
#.#################
#@#####
#.................#
#.....#
######............#
#####.#
#............########.#
#.......)@...'........#
##...........##########
#############


There were no monsters in sight!

Vanquished Creatures
  Sigmund (D:2)
  Natasha (D:2)
  3 giant cockroaches (D:1)
  2 hobgoblins (D:1)
  4 jackals (D:1)
  2 ball pythons
  4 bats
  6 frilled lizards (D:1)
  6 kobolds
29 creatures vanquished.

Notes
Turn   | Place    | Note
-------+----------+-------------------------------------------
     0 | D:1      | inqbanana the Naga Fighter began the quest for the Orb.
     0 | D:1      | Reached XP level 1. HP: 21/21 MP: 1/1
    66 | D:1      | Reached XP level 2. HP: 11/28 MP: 2/2
   694 | D:1      | Reached skill level 1 in Stealth
   744 | D:1      | Reached XP level 3. HP: 32/34 MP: 3/3
   947 | D:2      | Noticed Natasha
   955 | D:2      | Killed Natasha
  1098 | D:2      | Noticed Sigmund
  1134 | D:2      | Killed Sigmund
  1135 | D:2      | Reached skill level 1 in Dodging
  1135 | D:2      | Reached XP level 4. HP: 3/44 MP: 4/4
  1135 | D:2      | Reached XP level 5. HP: 3/50 MP: 5/5
  1135 | D:2      | HP: 1/50 [poisoned by Sigmund]
  1136 | D:2      | Succumbed to Sigmund's poison

Illustrated notes

Levels and vault maps discovered:
D:1:      ncdulo_halloftheorcs, layout_loops_cross, fountainhead,
          minmay_misc_feat_four_crosses, minmay_box_of_dots
D:2:      layout_basic, uniq_natasha, uniq_sigmund

Skill      XL: |  1  2  3 |
---------------+----------+-----
Stealth        | 1 2 |  2.7
Long Blades    | 3 |  3.6
Dodging        | 1 |  1.3
Fighting       | |  3.6
Armour         | |  2.9
Shields        | |  2.9

Action                   |  1- 3 |  4- 6 || total
-------------------------+-------+-------++-------
Melee: Long sword        |    63 |       ||    63
 Abil: Spit Poison       |     7 |       ||     7
  Use: Potion            |     5 |       ||     5
Armor: Scale mail        |    50 |       ||    50
Dodge: Dodged            |    23 |       ||    23
Block: Kite shield       |    46 |       ||    46
       Rpst.: Long sword |    11 |       ||    11

Table legend: (Time is in decaauts)
 A = Elapsed time spent in this place.
 B = Non-inter-level travel time spent in this place.
 C = Inter-level travel time spent in this place.
 D = Time resting spent in this place.
 E = Time spent auto-exploring this place.
 F = Levels seen in this place.
 G = Mean time per level.
                   A        B        C        D        E       F      G
               +--------+--------+--------+--------+--------+-----+--------+
         Total |   1468 |   1395 |     73 |    271 |    851 |   2 |  734.0 |
       Dungeon |   1468 |   1395 |     73 |    271 |    851 |   2 |  734.0 |
               +--------+--------+--------+--------+--------+-----+--------+

Top non-repeatable levels by time:
     D:1: 1205 daAuts
     D:2: 262 daAuts
